 Dungeon Sprint DCSS version 0.17-a0-1651-gae1a69f (webtiles) character file.

820 nuthulu the Covert (level 7, 0/32 HPs)
             Began as a Spriggan Enchanter on Aug 14, 2015.
             Was a Priest of Dithmenos.
             Slain by a spriggan rider
             ... wielding a +0 spear
              (21 damage)
             ... in the Dungeon (Sprint V: "Ziggurat Sprint").
             The game lasted 00:02:40 (469 turns).

nuthulu the Covert (Spriggan Enchanter)              Turns: 469, Time: 00:02:40

Health: 0/32       AC:  3    Str:  4    XL:     7   Next: 63%
Magic:  10/21      EV: 31    Int: 24    God:    Dithmenos [***...]
Gold:   0          SH:  0    Dex: 23    Spells: 5 memorised, 15 levels left

rFire  . . .     SeeInvis +     n - +5 rapier (elec)
rCold  . . .     Clarity  .     b - +1 robe
rNeg   . . .     SustAt   .     (shield restricted)
rPois  .         Gourm    .     (helmet restricted)
rElec  .         Spirit   .     (no cloak)
rCorr  .         Warding  .     (gloves unavailable)
rMut   .         NoTele   +     (boots unavailable)
MR     +....                    (no amulet)
Stlth  +++++++++.               C - +6 ring of dexterity
                                F - +6 ring of intelligence

@: wreathed by umbra, very quick, somewhat resistant to hostile enchantments,
incredibly stealthy
A: unfitting armour, see invisible, herbivore 3, speed 3, slow metabolism 2
a: Shadow Step, Renounce Religion


You were in the Dungeon.
You worshipped Dithmenos.
Dithmenos was most pleased with you.
You were not hungry.

You visited 1 branch

Inventory:

Hand weapons
 a - a +1 dagger
 n - a +5 rapier of electrocution (weapon)
Armour
 b - a +1 robe (worn)
Jewellery
 C - a +6 ring of dexterity (right hand)
 D - a +6 ring of dexterity
 E - a +6 ring of intelligence
 F - a +6 ring of intelligence (left hand)
 G - a +6 ring of strength
 H - a +6 ring of strength
Magical devices
 y - a wand of disintegration (7)
 z - a wand of fire (5)
 A - a wand of cold (5)
 B - a wand of draining (5)
Scrolls
 j - 4 scrolls of blinking
 q - 4 scrolls of amnesia
 r - 3 scrolls of recharging
 s - 7 scrolls of fog
 t - a scroll of holy word
 u - 5 scrolls of identify
 v - 5 scrolls of remove curse
 w - 2 scrolls of fear
Potions
 e - 10 potions of curing
 f - 8 potions of heal wounds
 g - 6 potions of haste
 h - 7 potions of magic
 i - 3 potions of berserk rage
 k - 2 potions of brilliance
 l - 2 potions of invisibility
 m - 4 potions of resistance
 o - 5 potions of agility
 p - 5 potions of might
Books
 c - a book of Maledictions

   Spells                             Type                      Level
   a - Corona                         Hexes                        1
   b - Ensorcelled Hibernation        Hexes/Ice                    2
   c - Confuse                        Hexes                        3
   d - Tukima's Dance                 Hexes                        3
   e - Dazzling Spray                 Conjuration/Hexes            3
 I - the Disquisition on Nocuous Orientation
   (You found it in the Dungeon)

   Spells                             Type                      Level
   a - Sting                          Conjuration/Poison           1
   b - Shroud of Golubria             Charms/Translocation         2
   c - Recall                         Summoning/Translocation      3
   d - Olgreb's Toxic Radiance        Poison                       4
   e - Venom Bolt                     Conjuration/Poison           5
   f - Summon Forest                  Summoning/Translocation      5
 J - a book of Burglary

   Spells                             Type                      Level
   a - Swiftness                      Charms/Air                   2
   b - Passwall                       Transmutation/Earth          3
   c - Passage of Golubria            Translocation                4
   d - Lee's Rapid Deconstruction     Earth                        5
   e - Darkness                       Hexes                        6
   f - Invisibility                   Hexes                        6
 K - a book of Callings

   Spells                             Type                      Level
   a - Summon Small Mammal            Summoning                    1
   b - Call Imp                       Summoning                    2
   c - Call Canine Familiar           Summoning                    3
   d - Summon Guardian Golem          Hexes/Summoning              3
   e - Summon Lightning Spire         Summoning/Air                4
   f - Summon Ice Beast               Ice/Summoning                4
Comestibles
 d - 5 bread rations
 x - 42 fruits


   Skills:
 + Level 7.5 Short Blades
 + Level 11.3 Dodging
 + Level 12.4 Stealth
 + Level 9.7 Spellcasting
 + Level 10.1 Hexes


You had 15 spell levels left.
You knew the following spells:

 Your Spells              Type           Power        Failure   Level  Hunger
a - Corona                Hex            ######.      1%          1    None
b - Ensorcelled Hibernat  Hex/Ice        #####.       1%          2    None
c - Tukima's Dance        Hex            ######..     1%          3    None
d - Confuse               Hex            ######..     1%          3    None
e - Sting                 Conj/Pois      ##..         8%          1    None


Dungeon Overview and Level Annotations

Branches:
Dungeon (1/1)

Altars:
Ashenzari
Cheibriados
Dithmenos
Elyvilon
Fedhas
Gozag
Kikubaaqudgha
Makhleb
Nemelex Xobeh
Okawaru
Qazlal
Ru
Sif Muna
Trog
Vehumet
Xom
Yredelemnul
Zin
The Shining One
Beogh
Jiyva
Lugonu


Innate Abilities, Weirdness & Mutations

You are tiny and cannot use many weapons and most armour.
You have supernaturally acute eyesight.
You are a herbivore.
You cover ground extremely quickly.
You need consume almost no food.


Message History

The stone arrow misses you.
You hit the spriggan.
The spriggan is moderately wounded.
Casting: Ensorcelled Hibernation
Confirm with . or Enter, or press ? or * to list all spells.
Aiming: Tukima's Dance
Press: ? - help, Shift-Dir - straight line, f/p - spriggan druid
Aim: a spriggan druid, wielding a quarterstaff and wearing a robe (umbra, chance to defeat MR: 40%)
The spriggan druid resists with some effort.
The spriggan rider hits you from afar with a spear!!
Ouch! That really hurt!
* * * LOW HITPOINT WARNING * * *
You emit a cloud of dark smoke.
The spriggan druid completely misses you.
The spriggan barely misses you.
Drink which item? (? for menu, Esc to quit)
You feel much better. The spriggan closely misses you.
The spriggan rider hits you from afar with a spear!!
Ouch! That really hurt!
You die...

▓..")}..▓
▓..:))..▓
▓.......▓
▓.......▓
▓.......▓
..i§§..
▓.▓iii▓.▓
▓..§@§..▓
▓▓▓▓▓▓▓▓▓


You could see a spriggan rider, a spriggan druid and 2 spriggans.

Vanquished Creatures
  A tarantella (D)
  2 wolves (D)
  2 water moccasins (D)
  3 scorpions (D)
  3 jellies (D)
  3 ball pythons (D)
14 creatures vanquished.

Vanquished Creatures (others)
  A spatial maelstrom (D)
1 creature vanquished.

Grand Total: 15 creatures vanquished

Notes
Turn   | Place    | Note
--------------------------------------------------------------
     0 | D        | nuthulu the Spriggan Enchanter began the quest for the Orb.
     0 | D        | Reached XP level 1. HP: 9/9 MP: 5/5
     0 | D        | Found a roughly hewn altar of Beogh.
     0 | D        | Found a corrupted altar of Lugonu.
     0 | D        | Found a viscous altar of Jiyva.
     0 | D        | Found a white marble altar of Elyvilon.
     0 | D        | Found a sparkling altar of Nemelex Xobeh.
     0 | D        | Found a burning altar of Makhleb.
     0 | D        | Found an iron altar of Okawaru.
     0 | D        | Found a deep blue altar of Sif Muna.
     0 | D        | Found a radiant altar of Vehumet.
     0 | D        | Found a bloodstained altar of Trog.
     0 | D        | Found a shimmering altar of Xom.
     6 | D        | Banished a spatial maelstrom
    24 | D        | Became a worshipper of Dithmenos the Shadowed
    25 | D        | Reached skill level 6 in Dodging
    25 | D        | Reached skill level 7 in Stealth
    25 | D        | Reached skill level 5 in Spellcasting
    25 | D        | Reached skill level 5 in Hexes
    25 | D        | Reached XP level 2. HP: 13/13 MP: 6/9
    29 | D        | Learned a level 2 spell: Ensorcelled Hibernation
    68 | D        | Entered arena 1.
    68 | D        | Noticed a draconian
    68 | D        | Noticed a draconian
    77 | D        | Entered arena 2.
    77 | D        | Noticed a jelly
    77 | D        | Noticed a jelly
    77 | D        | Noticed a jelly
    85 | D        | Killed a jelly
    85 | D        | Reached XP level 3. HP: 8/16 MP: 0/11
    88 | D        | Killed a jelly
    88 | D        | Reached skill level 8 in Stealth
    88 | D        | Reached XP level 4. HP: 1/21 MP: 0/13
    92 | D        | Killed a jelly
   369 | D        | Entered arena 3.
   369 | D        | Noticed a scorpion
   369 | D        | Noticed a scorpion
   369 | D        | Noticed a tarantella
   369 | D        | Noticed a scorpion
   373 | D        | Killed a scorpion
   373 | D        | Reached skill level 9 in Stealth
   373 | D        | Reached XP level 5. HP: 24/24 MP: 15/15
   375 | D        | Killed a scorpion
   377 | D        | Killed a tarantella
   377 | D        | Acquired Dithmenos's first power
   377 | D        | Reached skill level 5 in Short Blades
   377 | D        | Reached skill level 10 in Stealth
   377 | D        | Reached XP level 6. HP: 28/28 MP: 14/18
   379 | D        | Killed a scorpion
   379 | D        | Reached skill level 10 in Dodging
   379 | D        | Reached skill level 11 in Stealth
   381 | D        | Identified the Disquisition on Nocuous Orientation (You found it in the Dungeon)
   386 | D        | Learned a level 3 spell: Tukima's Dance
   390 | D        | Learned a level 3 spell: Confuse
   392 | D        | Learned a level 1 spell: Sting
   414 | D        | Entered arena 4.
   414 | D        | Noticed a draconian
   414 | D        | Noticed a draconian
   414 | D        | Noticed a draconian
   414 | D        | Noticed a draconian
   424 | D        | Entered arena 5.
   424 | D        | Noticed a water moccasin
   424 | D        | Noticed a water moccasin
   428 | D        | Killed a water moccasin
   432 | D        | Killed a water moccasin
   432 | D        | Reached XP level 7. HP: 28/32 MP: 16/20
   435 | D        | Acquired Dithmenos's second power
   460 | D        | Entered arena 6.
   460 | D        | Noticed a spriggan druid
   460 | D        | Noticed a spriggan
   460 | D        | Noticed a wolf
   460 | D        | Noticed a spriggan
   460 | D        | Noticed a spriggan rider
   460 | D        | Noticed a wolf
   463 | D        | Killed a wolf
   463 | D        | Reached skill level 12 in Stealth
   465 | D        | Killed a wolf
   465 | D        | Reached skill level 10 in Hexes
   469 | D        | Slain by a spriggan rider

Vault maps used:
D:        sprint_v

Action                   |  1- 3 |  4- 6 |  7- 9 || total
-------------------------+-------+-------+-------++-------
Melee: Rapier            |     8 |     8 |     7 ||    23
 Cast: Ensorcelled Hiber |     5 |     3 |     4 ||    12
       Tukima's Dance    |       |       |     1 ||     1
  Use: Potion            |     2 |       |     1 ||     3
       Scroll            |       |       |     1 ||     1
 Stab: Sleeping          |     2 |     7 |     2 ||    11
